 Dungeon Crawl Stone Soup version 0.24-a0-378-g94936e539c (webtiles) character file.

Game seed: 16859845989430868055

57738 Arthanis the Scorcher (level 14, -14/72 HPs)
             Began as a Deep Elf Fire Elementalist on June 2, 2019.
             Was the Champion of Vehumet.
             Demolished by an orc warrior
             ... wielding a +3 war axe
              (26 damage)
             ... on level 2 of the Orcish Mines.
             The game lasted 01:07:27 (15078 turns).

Arthanis the Scorcher (Deep Elf Fire Elementalist) Turns: 15078, Time: 01:07:27

Health: -14/72     AC: 14    Str:  5    XL:     14   Next: 46%
Magic:  19/51      EV:  9    Int: 26    God:    Vehumet [******]
Gold:   1286       SH:  0    Dex: 15    Spells: 12/39 levels left

rFire    . . .     SeeInvis .   a - +5 scimitar (freeze)
rCold    + . .     Gourm    +   H - +0 buckler
rNeg     . . .     Faith    .   g - +4 troll leather armour
rPois    .         Spirit   .   J - +1 hat
rElec    .         Reflect  .   V - +1 cloak {rC+}
rCorr    .         Harm     .   M - +1 pair of gloves
MR       +....                  (no boots)
Stlth    ++........             p - amulet of the gourmand
HPRegen  0.62/turn              j - ring of magical power
MPRegen  0.32/turn              C - ring of magical power

@: about to teleport, held
A: no striking features
a: Renounce Religion


You were on level 2 of the Orcish Mines.
You worshipped Vehumet.
Vehumet was exalted by your worship.
You were very full.

You visited 3 branches of the dungeon, and saw 18 of its levels.
You also visited: Ossuary, Gauntlet and Ice Cave.

You collected 1286 gold pieces.

Inventory:

Hand Weapons
 a - a +5 scimitar of freezing (weapon)
 b - a +4 halberd of venom
 u - the +7 long sword "Ypatyir" {drain, Str+2 Dex+2, unknown}
   (You found it in a Gauntlet)

   A truly terrible weapon, it drains the life of those it strikes.
   It affects your strength (+2).
   It affects your dexterity (+2).
Missiles
 N - 2 throwing nets (quivered)
Armour
 g - a +4 troll leather armour (worn)
 B - a +0 robe of positive energy
 F - a +1 robe of fire resistance
 H - a +0 buckler (worn)
 J - a +1 hat (worn)
 M - a +1 pair of gloves (worn)
 V - a +1 cloak of cold resistance (worn)
Magical Staves
 q - an uncursed staff of wizardry
Jewellery
 f - a +3 ring of evasion
 j - a ring of magical power (left hand)
 p - an amulet of the gourmand (around neck)
 r - the ring "Lont" {+Fly rElec rF- Int+6}
   (You found it in a Gauntlet)

   [ring of flight]

   It affects your intelligence (+6).
   It makes you vulnerable to fire.
   It insulates you from electricity.
   It lets you fly.
 z - a +4 ring of strength
 C - a ring of magical power (right hand)
Wands
 m - a wand of acid (24)
 D - a wand of flame (40)
 S - a wand of iceblast (19)
 W - a wand of scattershot (4)
Scrolls
 e - 4 scrolls of fear
 i - 2 scrolls of teleportation
 s - 5 scrolls of fog
 t - 4 scrolls of amnesia
 x - 4 scrolls of blinking
 I - a scroll of summoning
 K - 4 scrolls of immolation
 Q - 5 scrolls of remove curse
 R - a scroll of holy word
 Y - a scroll of acquirement {unknown}
Potions
 d - 5 potions of lignification
 h - 2 potions of haste
 k - 3 potions of might {unknown}
 n - 2 potions of invisibility {unknown}
 o - 10 potions of curing
 v - a potion of agility {unknown}
 w - 6 potions of degeneration {unknown}
 E - 5 potions of heal wounds {unknown}
 G - 2 potions of mutation {unknown}
 L - 2 potions of berserk rage {unknown}
 O - a potion of magic {unknown}
 P - 2 potions of ambrosia {unknown}
 T - 2 potions of cancellation {unknown}
 X - 2 potions of brilliance
 Z - a potion of resistance {unknown}
Miscellaneous
 y - a phial of floods
Comestibles
 c - 26 rations
 l - 11 chunks of flesh


   Skills:
 - Level 2.0 Fighting
 - Level 4.0 Armour
 + Level 10.2 Dodging
 - Level 3.0 Stealth
 - Level 4.0 Shields
 + Level 13.1 Spellcasting
 * Level 14.8 Conjurations
 * Level 15.1 Fire Magic
 + Level 6.9 Evocations


You had 12 spell levels left.
You knew the following spells:

 Your Spells              Type           Power        Failure   Level  Hunger
a - Flame Tongue          Conj/Fire      #####        0%          1    None
b - Conjure Flame         Conj/Fire      #######.     1%          3    None
c - Sticky Flame          Conj/Fire      #######.     1%          4    None
d - Fireball              Conj/Fire      #######...   1%          5    ##.....
e - Iron Shot             Conj/Erth      ######....   11%         6    #####..
f - Bolt of Magma         Conj/Fire/Erth ######....   1%          5    ##.....
r - Regeneration          Chrm/Necr      ###.......   16%         3    None

Your spell library contained the following spells:

 Spells                   Type           Power        Failure   Level  Hunger
 Poison Arrow             Conj/Pois      ######....   11%         6    #####..
 Throw Flame              Conj/Fire      ######       0%          2    None
 Inner Flame              Hex/Fire       ######..     1%          3    None
 Animate Skeleton         Necr           N/A          5%          1    None
 Apportation              Tloc           ###...       5%          1    None
 Confusing Touch          Hex            ###...       5%          1    None
 Summon Small Mammal      Summ           ###.         5%          1    None
 Swiftness                Chrm/Air       ###.....     8%          2    None
 Conjure Ball Lightning   Conj/Air       ######....   11%         6    #####..
 Spectral Weapon          Hex/Chrm       ###.....     16%         3    None
 Yara's Violent Unravell  Hex/Tmut       ###.......   34%         5    ##.....
 Cause Fear               Hex            ###.......   45%         4    None
 Summon Lightning Spire   Summ/Air       ###.....     45%         4    None
 Silence                  Hex/Air        ###.......   82%         5    ##.....
 Deflect Missiles         Chrm/Air       ###.......   100%        6    #####..
 Discord                  Hex            ###.......   100%        8    #######
 Tornado                  Air            ###.......   100%        9    #######


Dungeon Overview and Level Annotations

Branches:
Dungeon (15/15)            Temple (1/1) D:4            Lair (0/6) D:8
    Orc (2/2) D:12            Elf (0/3) Orc:2        Vaults (0/5) D:13
 Depths (0/5) D:15

Altars:
Ashenzari
Cheibriados
Dithmenos
Fedhas
Gozag
Hepliaklqana
Kikubaaqudgha
Makhleb
Nemelex Xobeh
Okawaru
Qazlal
Ru
Sif Muna
Trog
Uskayaw
Vehumet
Wu Jian
Xom
Yredelemnul
Zin
The Shining One
Beogh

Shops:
D:9 %   D:12 :   D:13 :

Annotations:
D:4 2 transporters
D:13 1 runed translucent door
Orc:2 3 runed translucent doors


Message History

The orc warrior closely misses you.
The orc knight roars a battlecry!
The orc priest goes into a battle-frenzy!
The gnoll hits you with a +0 club.
An orc high priest comes into view. It is wielding a +0 scimitar.
The orc warlord completely misses you.
You riposte.
You hit the orc warlord but do no damage.
The orc warlord is lightly wounded.
An orc warrior comes into view.
It is wielding a +1 long sword of holy wrath.
The orc warrior hits you with a cursed -1 long sword.
* * * LOW HITPOINT WARNING * * *
You tear a large gash into the net.
The orc knight no longer looks unusually strong.
An orc warrior comes into view. It is wielding a +0 mace.
The orc priest calls down the wrath of Beogh upon you.
Pain shoots through your body!
* * * LOW HITPOINT WARNING * * *
The orc warrior barely misses you.
The orc warrior hits you with a +3 war axe!!
You die...

..##..........#
#.................
#..$..............
......#
................##
..............#.##
.................#
$.........#...#.##
#........#.....##
..........#....#
#####....#....#..##
#


You could see an orc warlord, an orc knight, an orc high priest, a troll, 7 orc
warriors, an ogre, a gnoll sergeant, 3 orc priests, 4 gnolls and 3 orcs.

Vanquished Creatures
  Gastronok (D:11)
  A minotaur (Gauntlet)
  A fire dragon (D:15)
  2 vault guards (D:13)
  2 hydras (D:12)
  2 centaur warriors
  9 two-headed ogres
  4 tengu warriors
  6 death yaks (Gauntlet)
  Sonja (D:10)
  2 deep elf knights
  5 skeletal warriors (D:15)
  4 unseen horrors
  A wizard (D:13)
  Pikel (D:7)
  A necromancer (Gauntlet)
  3 orc knights (D:13)
  A manticore (D:9)
  6 ugly things
  2 deep elf magi (D:14)
  3 orc sorcerers
  A cyclops (D:15)
  A moth of wrath (Gauntlet)
  2 ice statues (IceCv)
  A gargoyle (D:13)
  9 centaur skeletons
  A freezing wraith (D:15)
  2 yaktaurs (D:13)
  2 tengu conjurers
  An efreet (D:15)
  8 trolls
  A jumping spider (shapeshifter) (D:15)
  11 ice devils (IceCv)
  A queen bee (Gauntlet)
  A hornet (D:14)
  2 hippogriffs
  A shadow (D:13)
  A wyvern (D:13)
  A spriggan (D:7)
  A wyvern (shapeshifter) (D:15)
  Sigmund (D:4)
  3 wraiths
  9 yaks
  Grum (D:10)
  3 hungry ghosts
  5 vampire mosquitoes
  2 wargs
  A soldier ant (D:13)
  An acid dragon (D:12)
  12 orc warriors
  A porcupine (D:8)
  A slave (D:7)
  An ice beast (D:7)
  5 sky beasts
  2 black bears
  8 ogres
  A necrophage (D:7)
  An eye of draining (D:13)
  9 centaurs
  9 wolves
  6 crocodiles
  An elf zombie (Ossuary)
  2 big kobolds (D:9)
  4 bullfrogs
  A water moccasin skeleton (D:8)
  A wyvern skeleton (D:14)
  5 scorpions
  17 killer bees
  12 wights
  A howler monkey (D:5)
  4 electric eels
  5 centaur zombies
  8 crimson imps
  2 bullfrog zombies
  7 hounds
  A jelly (D:13)
  A bullfrog skeleton (D:13)
  A quasit (D:10)
  4 orc priests
  18 orc wizards
  3 human zombies (Ossuary)
  7 iguanas
  13 worker ants
  A killer bee zombie (D:8)
  A hound zombie (D:5)
  2 mummies (Ossuary)
  2 howler monkey zombies (D:6)
  2 worker ant zombies
  5 gnolls
  10 adders
  2 shadow imps
  19 white imps
  7 ufetubi (IceCv)
  2 oozes (D:1)
  An adder skeleton (D:6)
  3 worms (D:2)
  2 dart slugs (D:1)
  6 leopard geckos
  52 orcs
  A ball python (D:2)
  4 bats
  7 giant cockroaches
  11 goblins
  7 hobgoblins
  2 jackals (D:8)
  17 kobolds
  2 quokkas
  A frilled lizard (D:2)
  2 goblin zombies (Ossuary)
  10 hobgoblin zombies (Ossuary)
  A jackal zombie (Ossuary)
  15 kobold zombies (Ossuary)
  5 orc zombies (Ossuary)
  A quokka skeleton (D:4)
  2 rats
511 creatures vanquished.

Vanquished Creatures (others)
  A reaper (IceCv)
  A slave (D:7)
  An ogre (D:7)
  A necrophage (D:7)
  2 white imps (IceCv)
  4 ufetubi (IceCv)
  5 fungi
  15 plants
30 creatures vanquished.

Grand Total: 541 creatures vanquished

Notes
Turn   | Place    | Note
-------+----------+-------------------------------------------
     0 | D:1      | Arthanis the Deep Elf Fire Elementalist began the quest for
                  | the Orb.
     0 | D:1      | Reached XP level 1. HP: 10/10 MP: 6/6
    66 | D:1      | Reached XP level 2. HP: 15/15 MP: 1/8
   492 | D:1      | Reached XP level 3. HP: 18/19 MP: 5/9
   583 | D:1      | Learned a level 3 spell: Conjure Flame
   693 | D:2      | Reached skill level 4 in Fire Magic
   842 | D:2      | Reached XP level 4. HP: 24/24 MP: 6/11
   869 | D:2      | Learned a level 4 spell: Sticky Flame
   990 | D:2      | Found a shadowy altar of Dithmenos.
   990 | D:2      | Found a basalt altar of Yredelemnul.
  1615 | D:3      | Reached XP level 5. HP: 28/28 MP: 13/13
  1906 | D:3      | Found a glowing golden altar of the Shining One.
  2051 | D:3      | Found a bloodstained altar of Trog.
  2052 | D:3      | Found an iron altar of Okawaru.
  2317 | D:4      | Reached skill level 5 in Fire Magic
  2364 | D:4      | Noticed Sigmund
  2373 | D:4      | Killed Sigmund
  2373 | D:4      | Reached XP level 6. HP: 32/32 MP: 15/15
  2438 | D:4      | Found a transporter.
  2551 | D:4      | Found a staircase to the Ecumenical Temple.
  2564 | Temple   | Entered the Ecumenical Temple
  2605 | Temple   | Became a worshipper of Vehumet
  2656 | D:4      | Found a transporter.
  2663 | D:4      | Noticed an orc warrior
  2667 | D:4      | Noticed a basilisk
  2671 | D:4      | Found a hazy altar of Hepliaklqana.
  2890 | D:5      | Entered Level 5 of the Dungeon
  2917 | D:5      | Learned a level 5 spell: Fireball
  2939 | D:5      | Reached skill level 5 in Spellcasting
  3010 | D:5      | Reached skill level 5 in Conjurations
  3010 | D:5      | Reached skill level 6 in Fire Magic
  3038 | D:5      | Reached XP level 7. HP: 35/36 MP: 16/16
  3780 | D:6      | Reached skill level 7 in Fire Magic
  3820 | D:6      | Found a sand-covered staircase.
  3827 | Ossuary  | Entered an ossuary
  3860 | Ossuary  | Reached * piety under Vehumet
  3860 | Ossuary  | Offered knowledge of Freeze by Vehumet.
  3865 | Ossuary  | Learned a level 1 spell: Freeze
  3961 | Ossuary  | Reached skill level 1 in Evocations
  3965 | Ossuary  | Offered knowledge of Sting by Vehumet.
  4017 | Ossuary  | Reached ** piety under Vehumet
  4025 | Ossuary  | Reached XP level 8. HP: 41/41 MP: 19/19
  4285 | D:6      | Offered knowledge of Dazzling Spray by Vehumet.
  4316 | D:6      | Reached skill level 8 in Fire Magic
  4368 | D:6      | Noticed a troll
  4418 | D:6      | Killed a troll
  4820 | D:7      | Reached XP level 9. HP: 45/45 MP: 21/21
  4920 | D:7      | Noticed Pikel
  4945 | D:7      | Killed Pikel
  4945 | D:7      | Reached skill level 9 in Fire Magic
  4989 | D:7      | Reached *** piety under Vehumet
  5100 | D:7      | Found a shattered altar of Ashenzari.
  5664 | D:8      | Offered knowledge of Olgreb's Toxic Radiance by Vehumet.
  5717 | D:8      | Found an ornate altar of the Wu Jian Council.
  5736 | D:8      | Noticed a two-headed ogre
  5740 | D:8      | Killed a two-headed ogre
  5740 | D:8      | Reached skill level 10 in Fire Magic
  5740 | D:8      | Reached XP level 10. HP: 50/50 MP: 24/24
  5883 | D:8      | Found a staircase to the Lair.
  5910 | D:8      | Noticed a two-headed ogre
  5949 | D:8      | Reached skill level 1 in Fighting
  6180 | D:8      | Found a deep blue altar of Sif Muna.
  6221 | D:8      | Killed a two-headed ogre
  6221 | D:8      | Reached skill level 1 in Armour
  6221 | D:8      | Reached skill level 10 in Conjurations
  6252 | D:8      | Found a sacrificial altar of Ru.
  6452 | D:9      | Found a burning altar of Makhleb.
  6464 | D:9      | Reached skill level 5 in Evocations
  6505 | D:9      | Reached **** piety under Vehumet
  6515 | D:9      | Found a deep blue altar of Sif Muna.
  6674 | D:9      | Offered knowledge of Bolt of Draining by Vehumet.
  6681 | D:9      | Noticed a manticore
  6687 | D:9      | Killed a manticore
  6687 | D:9      | Reached skill level 11 in Fire Magic
  6725 | D:9      | Reached skill level 5 in Dodging
  6731 | D:9      | Noticed an unseen horror
  6732 | D:9      | Killed an unseen horror
  6732 | D:9      | Reached XP level 11. HP: 31/57 MP: 7/26
  7136 | D:9      | Found Myetan's Food Shoppe.
  7284 | D:10     | Entered Level 10 of the Dungeon
  7346 | D:10     | Noticed Grum
  7349 | D:10     | Killed Grum
  7657 | D:10     | Noticed Sonja
  7659 | D:10     | Killed Sonja
  7659 | D:10     | Reached ***** piety under Vehumet
  7659 | D:10     | Reached skill level 10 in Spellcasting
  7713 | D:10     | Offered knowledge of Bolt of Magma by Vehumet.
  7720 | D:10     | Learned a level 5 spell: Bolt of Magma
  8158 | D:11     | Found a gate leading to a gauntlet.
  8165 | Gauntlet | Entered a Gauntlet
  8165 | Gauntlet | Found a transporter.
  8178 | Gauntlet | Found a transporter.
  8179 | Gauntlet | Noticed a wizard
  8217 | Gauntlet | Found a transporter.
  8219 | Gauntlet | Found a transporter.
  8219 | Gauntlet | Found a transporter.
  8232 | Gauntlet | Found a transporter.
  8255 | Gauntlet | Found a transporter.
  8256 | Gauntlet | Found a transporter.
  8257 | Gauntlet | Found a large runed translucent door.
  8257 | Gauntlet | Found a large runed translucent door.
  8258 | Gauntlet | Found a large runed translucent door.
  8258 | Gauntlet | Found a large runed translucent door.
  8259 | Gauntlet | Identified the Volume of Good Luck
  8285 | Gauntlet | Found a large runed translucent door.
  8285 | Gauntlet | Found a large runed translucent door.
  8285 | Gauntlet | Found a runed translucent door.
  8285 | Gauntlet | Found a runed translucent door.
  8285 | Gauntlet | Found a large runed translucent door.
  8297 | Gauntlet | Found a transporter.
  8367 | Gauntlet | Noticed a necromancer
  8367 | Gauntlet | Noticed a death yak
  8367 | Gauntlet | Noticed a death yak
  8367 | Gauntlet | Noticed a death yak
  8367 | Gauntlet | Noticed a death yak
  8367 | Gauntlet | Found a transporter.
  8368 | Gauntlet | Noticed a death yak
  8369 | Gauntlet | Noticed a death yak
  8373 | Gauntlet | Killed a necromancer
  8386 | Gauntlet | Killed a death yak
  8386 | Gauntlet | Reached skill level 12 in Fire Magic
  8514 | Gauntlet | Killed a death yak
  8523 | Gauntlet | Killed a death yak
  8523 | Gauntlet | Killed a death yak
  8528 | Gauntlet | Killed a death yak
  8528 | Gauntlet | Reached XP level 12. HP: 29/62 MP: 11/28
  8568 | Gauntlet | Killed a death yak
  8575 | Gauntlet | Got a coiled lead ring
  8578 | Gauntlet | Identified the ring "Lont" {+Fly rElec rF- Int+6} (You
                  | found it in a Gauntlet)
  8581 | Gauntlet | Noticed a death yak
  8581 | Gauntlet | Found a transporter.
  8698 | Gauntlet | Noticed a minotaur
  8705 | Gauntlet | Killed a minotaur
  8720 | Gauntlet | Got an ichor-stained long sword
  8892 | D:11     | Noticed a two-headed ogre
  8897 | D:11     | Killed a two-headed ogre
  9371 | D:11     | Noticed Gastronok
  9380 | D:11     | Killed Gastronok
  9380 | D:11     | Reached skill level 13 in Fire Magic
  9571 | D:12     | Noticed a two-headed ogre
  9575 | D:12     | Killed a two-headed ogre
  9579 | D:12     | Noticed a five-headed hydra
  9584 | D:12     | Killed a five-headed hydra
  9620 | D:12     | Found a staircase to the Orcish Mines.
  9623 | D:12     | Noticed a two-headed ogre
  9630 | D:12     | Killed a two-headed ogre
  9799 | D:12     | Noticed a seven-headed hydra
  9803 | D:12     | Killed a seven-headed hydra
  9967 | D:12     | Found Dudeczif's Book Emporium.
 10265 | D:13     | Offered knowledge of Iron Shot by Vehumet.
 10279 | D:13     | Learned a level 6 spell: Iron Shot
 10283 | D:13     | Learned a level 3 spell: Regeneration
 10351 | D:13     | Reached XP level 13. HP: 66/66 MP: 23/30
 10547 | D:13     | Found a runed translucent door.
 10744 | D:13     | Reached skill level 14 in Fire Magic
 10774 | D:13     | Found a gate to the Vaults.
 10887 | D:13     | Found Ydudun's Book Shop.
 11199 | D:13     | Noticed a sphinx
 12152 | D:15     | Entered Level 15 of the Dungeon
 12194 | D:15     | Found a frozen archway.
 12212 | IceCv    | Entered an ice cave
 12286 | IceCv    | Reached skill level 1 in Shields
 12429 | IceCv    | Killed a reaper
 12431 | IceCv    | Reached ****** piety under Vehumet
 12753 | D:15     | Offered knowledge of Poison Arrow by Vehumet.
 12861 | D:15     | Reached XP level 14. HP: 72/72 MP: 31/32
 13071 | D:15     | Paralysed by an orc sorcerer for 6 turns
 13243 | D:15     | Found a staircase to the Depths.
 13340 | D:15     | Reached skill level 10 in Dodging
 14007 | D:15     | Reached skill level 15 in Fire Magic
 14676 | Orc:1    | Entered Level 1 of the Orcish Mines
 14722 | Orc:1    | Found a roughly hewn altar of Beogh.
 14962 | Orc:1    | You fall into a shaft and drop 1 floor!
 14962 | Orc:2    | Entered Level 2 of the Orcish Mines
 15040 | Orc:2    | Found a runed translucent gate.
 15040 | Orc:2    | Found a runed translucent gate.
 15040 | Orc:2    | Found a runed translucent gate.
 15052 | Orc:2    | Found a staircase to the Elven Halls.
 15064 | Orc:2    | Noticed an orc warlord
 15078 | Orc:2    | Demolished by an orc warrior

Levels and vault maps discovered:
D:1:      roderic_crossed_star, layout_loops_ring
D:2:      layout_basic, minitemple, first_ration
D:3:      layout_loops_cross, gammafunk_temple_overflow_statue, tso_altar
D:4:      layout_loops_ring, gammafunk_temple_overflow_arena,
          minmay_temple_entry_arrows, uniq_sigmund
D:5:      layout_basic, eino_small_chamber_without_monster
D:6:      layout_cave_pools, chequers_ossuary_entry_cave
D:7:      layout_basic, ashenzari_altar_1, fountainhead, the_bakery, uniq_pikel
D:8:      layout_cave_pools, lemuel_doored_altar, lemuel_blue_sif_altar,
          minmay_lair_entry_grove, nicolae_ru_sacrificial_ziggurat
D:9:      minmay_chambers_of_sixes, layout_gridville, lightli_temple_of_fire,
          basic_altar, serial_shops, shop
D:10:     layout_loops_cross, kennysheep_generic_room_8, uniq_grum, uniq_sonja
D:11:     layout_stronghold, gauntlet_entry_generic, minmay_holes,
          uniq_gastronok
D:12:     layout_long_grid, orc_0_dummy, serial_shops,
          nicolae_shop_temple_entry_statues_fountains,
          kennysheep_big_empty_room, minmay_misc_feat_more_columns
D:13:     layout_roguey, grunt_vaults_entry_fortified, serial_shops, shop,
          lightli_airlock
D:14:     layout_cave_pods
D:15:     hangedman_depths_entry_civil_slaughter, layout_layer_cave,
          portal_ice_cave_entry_imps, chequers_serial_rivers_large_a,
          minmay_misc_feat_four_crosses
Temple:   nicolae_temple_x_marks_the_god
Orc:1:    layout_caves, basic_altar
Orc:2:    st_orc_ogre_mass, layout_caves, gammafunk_ghost_necromancy,
          nicolae_orc_flooded_monolith, uniq_snorg

Skill      XL: |  1  2  3  4  5  6  7  8  9 10 11 12 13 14 |
---------------+-------------------------------------------+-----
Conjurations   | 2 3 4 5 6 7 9 10 12 13 14 | 14.8
Fire Magic     | 4 5 6 7 8 10 11 12 13 14 15 | 15.1
Spellcasting   | 4 5 6 7 8 9 10 11 12 13 | 13.1
Evocations     | 1 2 4 5 6 |  6.9
Stealth        | 3 |  3.0
Dodging        | 3 5 6 8 9 10 | 10.2
Fighting       | 2 |  2.0
Armour         | 2 4 |  4.0
Shields        | 3 4 |  4.0

Action                   |  1- 3 |  4- 6 |  7- 9 | 10-12 | 13-15 || total
-------------------------+-------+-------+-------+-------+-------++-------
Melee: Unarmed           |     2 |       |       |       |       ||     2
       Whip              |     1 |       |       |       |       ||     1
       Flail             |       |     6 |    37 |       |       ||    43
       Halberd           |       |       |     3 |    38 |    18 ||    59
       Scimitar          |       |       |     3 |    36 |    47 ||    86
       Staff             |       |       |       |       |     1 ||     1
 Cast: Flame Tongue      |    55 |    85 |   153 |   194 |    82 ||   569
       Conjure Flame     |     1 |     3 |    18 |    23 |    17 ||    62
       Sticky Flame      |       |     2 |    21 |    51 |    43 ||   117
       Fireball          |       |       |    14 |   113 |   132 ||   259
       Freeze            |       |       |     7 |       |       ||     7
       Regeneration      |       |       |       |       |    10 ||    10
       Bolt of Magma     |       |       |       |       |    25 ||    25
Evoke: Wand              |       |       |     3 |     4 |       ||     7
  Use: Scroll            |       |     1 |     9 |    18 |    10 ||    38
       Potion            |       |       |       |     1 |     1 ||     2
 Stab: Sleeping          |     1 |       |       |       |     1 ||     2
  Eat: Chunk             |       |    18 |    15 |    31 |    27 ||    91
Armor: Robe              |     4 |     2 |    11 |       |     1 ||    18
       Troll leather arm |       |       |       |    30 |    37 ||    67
Dodge: Dodged            |    10 |    23 |    42 |   106 |   105 ||   286
Block: Buckler           |       |       |       |       |     6 ||     6
       Rpst.: Scimitar   |       |       |     1 |    32 |    24 ||    57

Table legend:
 A = Non-vault XP
 B = Vault XP
 C = Vault XP percentage of total XP
 D = Non-vault monster count
 E = Vault monster count
 F = Vault count percentage of total count
                 A         B        C        D         E       F
            +---------+---------+-------+---------+---------+-------
      Total |   49711 |   32772 |  39.7 |     367 |     143 |  28.0
            +---------+---------+-------+---------+---------+-------
        D:1 |      46 |       0 |   0.0 |      17 |       0 |   0.0
        D:2 |     118 |       0 |   0.0 |      26 |       0 |   0.0
        D:3 |      82 |       0 |   0.0 |      18 |       0 |   0.0
        D:4 |     122 |     208 |  63.0 |       6 |       1 |  14.3
        D:5 |     614 |       0 |   0.0 |      16 |       0 |   0.0
        D:6 |    1078 |       0 |   0.0 |      27 |       0 |   0.0
        D:7 |    1077 |    1073 |  49.9 |      16 |       3 |  15.8
        D:8 |    2613 |    1317 |  33.5 |      14 |      11 |  44.0
        D:9 |    2246 |    1749 |  43.8 |      30 |       5 |  14.3
       D:10 |    1352 |    1477 |  52.2 |      27 |       7 |  20.6
       D:11 |    2783 |    2141 |  43.5 |      25 |       1 |   3.8
       D:12 |    6957 |       0 |   0.0 |      28 |       0 |   0.0
       D:13 |    4824 |    6693 |  58.1 |      33 |      10 |  23.3
       D:14 |    8888 |       0 |   0.0 |      21 |       0 |   0.0
       D:15 |   12827 |    4378 |  25.4 |      26 |      18 |  40.9
      Orc:1 |    2656 |       0 |   0.0 |      17 |       0 |   0.0
      Orc:2 |    1428 |       0 |   0.0 |      20 |       0 |   0.0
    Ossuary |       0 |     290 | 100.0 |       0 |      39 | 100.0
      IceCv |       0 |    4702 | 100.0 |       0 |      27 | 100.0
   Gauntlet |       0 |    8744 | 100.0 |       0 |      21 | 100.0
            +---------+---------+-------+---------+---------+-------
